 Dungeon Crawl Stone Soup version 0.25-a0-310-g60f0ac2d9a (webtiles) character file.

Game seed: 7812975840625676996, levelgen mode: deterministic

589 Lanoc the Firebug (level 7, -3/51 HPs)
             Began as a Gnoll Fire Elementalist on Dec 23, 2019.
             Slain by Grinder (6 damage)
             ... while paralysed by Grinder
             ... on level 5 of the Dungeon.
             The game lasted 00:07:05 (2968 turns).

Lanoc the Firebug (Gnoll Fire Elementalist)         Turns: 2968, Time: 00:07:05

Health: -3/51      AC:  3    Str: 10    XL:     7   Next: 38%
Magic:  10/15      EV:  2    Int: 20    God:
Gold:   211        SH:  0    Dex: 15    Spells: 9/17 levels left

rFire    + . .     SeeInvis .   x - +0 quarterstaff
rCold    x . .     Gourm    .   (shield currently unavailable)
rNeg     . . .     Faith    .   a - +0 robe
rPois    .         Spirit   .   (no helmet)
rElec    .         Reflect  .   (no cloak)
rCorr    .         Harm     .   (no gloves)
MR       .....                  (no boots)
Stlth    +++.......             (no amulet)
HPRegen  0.17/turn              w - +1 ring of protection
MPRegen  0.14/turn              i - ring of fire

@: paralysed
A: distributed training, fangs 1, strong nose
a: no special abilities


You were on level 5 of the Dungeon.
You were not hungry.

You visited 1 branch of the dungeon, and saw 5 of its levels.

You collected 211 gold pieces.

Inventory:

Hand Weapons
 x - a +0 quarterstaff (weapon)
Missiles
 n - 5 curare-tipped darts (quivered)
Armour
 a - a +0 robe (worn)
Jewellery
 i - a ring of fire (right hand)
 w - a +1 ring of protection (left hand)
Wands
 v - a wand of digging (6)
Scrolls
 e - 6 scrolls of remove curse {unknown}
 g - 9 scrolls of identify {unknown}
 h - 2 scrolls of enchant armour {unknown}
 j - a scroll of amnesia {unknown}
 k - 2 scrolls of noise {unknown}
 m - a scroll of fog {unknown}
 o - a scroll of teleportation {unknown}
 r - 2 scrolls of fear {unknown}
 s - a scroll of enchant weapon {unknown}
Potions
 b - 2 potions of flight {unknown}
 d - 2 potions of curing
 f - a potion of brilliance {unknown}
 l - a potion of degeneration {unknown}
 p - a potion of agility {unknown}
 t - 2 potions of ambrosia {unknown}
 u - 2 potions of might {unknown}
Comestibles
 c - 9 rations
 q - 3 chunks of flesh


   Skills:
 + Level 2.4 Fighting
 + Level 2.4 Short Blades
 + Level 2.4 Long Blades
 + Level 2.4 Axes
 + Level 2.4 Maces & Flails
 + Level 2.4 Polearms
 + Level 2.4 Staves
 + Level 2.4 Slings
 + Level 2.4 Bows
 + Level 2.4 Crossbows
 + Level 2.4 Throwing
 + Level 2.4 Armour
 + Level 5.2 Dodging
 + Level 4.8 Stealth
 + Level 2.4 Shields
 + Level 2.4 Unarmed Combat
 + Level 5.6 Spellcasting
 + Level 2.9 Conjurations
 + Level 2.0 Hexes
 + Level 2.0 Charms
 + Level 2.0 Summonings
 + Level 2.0 Necromancy
 + Level 2.0 Translocations
 + Level 2.0 Transmutations
 + Level 5.8 Fire Magic
 + Level 2.0 Ice Magic
 + Level 2.0 Air Magic
 + Level 2.0 Earth Magic
 + Level 2.0 Poison Magic
 + Level 2.6 Invocations
 + Level 2.4 Evocations


You had 9 spell levels left.
You knew the following spells:

 Your Spells              Type           Power        Failure   Level  Hunger
a - Foxfire               Conj/Fire      ####         1%          1    None
b - Conjure Flame         Conj/Fire      ####....     5%          3    ##.....
c - Sticky Flame          Conj/Fire      ####....     19%         4    ####...

Your spell library contained the following spells:

 Spells                   Type           Power        Failure   Level  Hunger
 Inner Flame              Hex/Fire       ####....     7%          3    ##.....
 Fireball                 Conj/Fire      ####......   45%         5    #####..


Dungeon Overview and Level Annotations

Branches:
Dungeon (5/15)
 Temple: D:4-7

Altars:
Okawaru

Shops:
D:5 [

Annotations:
D:2 Sigmund
D:5 Grinder


Innate Abilities, Weirdness & Mutations

Your experience applies equally to all skills.
You have very sharp teeth.
Your uncanny sense of smell can sniff out nearby items.


Message History

You feel a surge of power!
The fire begins to smolder!
Grinder smothers the flame.
Casting: Conjure Flame (safe; 5% risk of failure)
Confirm with . or Enter, or press ? or * to list all spells.
You feel a surge of power!
You conjure some foxfire!
Grinder gestures at you.
You suddenly lose the ability to move!
Grinder hits you.
You writhe in agony.
Grinder gestures at you. Pain shoots through your body! Grinder hits you!
* * * LOW HITPOINT WARNING * * *
You writhe in agony.
* * * LOW HITPOINT WARNING * * *
Grinder hits you.
* * * LOW HITPOINT WARNING * * *
Grinder hits you.
* * * LOW HITPOINT WARNING * * *
You writhe in agony.
You die...

#.....†........
#..............
#...##'#########
#...#...........
#...#...........
#...#...........
#.>.#...........
#..§#...........
#.v@##.#........
#####5.∩.........
#.....#.#########
#.......#
#.....### #.....#
#.....# #.....#
#######


You could see Grinder.

Vanquished Creatures
  A necrophage (D:5)
  2 ogres
  A big kobold (D:3)
  A crimson imp (D:5)
  A hound (D:5)
  Natasha (D:3)
  Terence (D:3)
  A worker ant (D:4)
  4 adders
  3 adder skeletons (D:4)
  2 worms
  3 dart slugs (D:1)
  3 leopard geckos
  8 orcs
  A ball python (D:1)
  2 giant cockroaches
  3 goblins (D:1)
  4 hobgoblins
  2 jackals (D:1)
  8 kobolds
  A quokka (D:2)
  2 bats
  5 frilled lizards
  10 rats
70 creatures vanquished.

Vanquished Creatures (others)
  228 foxfires
228 creatures vanquished.

Grand Total: 298 creatures vanquished

Notes
Turn   | Place    | Note
-------+----------+-------------------------------------------
     0 | D:1      | Lanoc the Gnoll Fire Elementalist began the quest for the
                  | Orb.
     0 | D:1      | Reached XP level 1. HP: 13/13 MP: 6/6
   110 | D:1      | Reached XP level 2. HP: 18/19 MP: 3/7
   316 | D:1      | Reached XP level 3. HP: 5/25 MP: 3/9
   319 | D:1      | Reached skill level 5 in Spellcasting
   669 | D:1      | Reached skill level 1 in Invocations
   838 | D:2      | Reached skill level 1 in Fighting
   838 | D:2      | Reached skill level 1 in Short Blades
   838 | D:2      | Reached skill level 1 in Long Blades
   838 | D:2      | Reached skill level 1 in Axes
   838 | D:2      | Reached skill level 1 in Maces & Flails
   838 | D:2      | Reached skill level 1 in Polearms
   838 | D:2      | Reached skill level 1 in Staves
   838 | D:2      | Reached skill level 1 in Slings
   838 | D:2      | Reached skill level 1 in Bows
   838 | D:2      | Reached skill level 1 in Crossbows
   838 | D:2      | Reached skill level 1 in Throwing
   838 | D:2      | Reached skill level 1 in Armour
   838 | D:2      | Reached skill level 1 in Shields
   838 | D:2      | Reached skill level 1 in Unarmed Combat
   838 | D:2      | Reached skill level 1 in Evocations
   838 | D:2      | Reached XP level 4. HP: 23/32 MP: 7/11
  1480 | D:2      | Noticed Sigmund
  1532 | D:3      | Learned a level 3 spell: Conjure Flame
  1590 | D:3      | Noticed a big kobold
  1618 | D:3      | Killed a big kobold
  1618 | D:3      | Reached skill level 1 in Hexes
  1618 | D:3      | Reached skill level 1 in Charms
  1618 | D:3      | Reached skill level 1 in Summonings
  1618 | D:3      | Reached skill level 1 in Necromancy
  1618 | D:3      | Reached skill level 1 in Translocations
  1618 | D:3      | Reached skill level 1 in Transmutations
  1618 | D:3      | Reached skill level 1 in Ice Magic
  1618 | D:3      | Reached skill level 1 in Air Magic
  1618 | D:3      | Reached skill level 1 in Earth Magic
  1618 | D:3      | Reached skill level 1 in Poison Magic
  1618 | D:3      | Reached XP level 5. HP: 27/37 MP: 4/12
  1733 | D:3      | Noticed Terence
  1744 | D:3      | Killed Terence
  1786 | D:3      | Noticed Natasha
  1799 | D:3      | Killed Natasha
  1966 | D:4      | Reached XP level 6. HP: 35/44 MP: 9/13
  2283 | D:4      | Learned a level 4 spell: Sticky Flame
  2513 | D:4      | Reached skill level 5 in Dodging
  2602 | D:5      | Entered Level 5 of the Dungeon
  2602 | D:5      | Noticed a necrophage
  2612 | D:5      | Killed a necrophage
  2612 | D:5      | Reached XP level 7. HP: 50/50 MP: 10/15
  2891 | D:5      | Found an iron altar of Okawaru.
  2941 | D:5      | Found Xanour's Armour Shop.
  2953 | D:5      | Noticed Grinder
  2963 | D:5      | Paralysed by Grinder for 6 turns
  2968 | D:5      | Slain by Grinder

Levels and vault maps discovered:
D:1:      minmay_arrival_diagonal_passages, layout_basic
D:2:      layout_basic, first_ration, uniq_sigmund
D:3:      layout_rooms, uniq_terence, uniq_natasha
D:4:      layout_gridville
D:5:      layout_gridville, serial_shops, nicolae_shop_crystal,
          lemuel_altar_in_water, uniq_grinder

Skill      XL: |  1  2  3  4  5  6  7 |
---------------+----------------------+-----
Conjurations   | 2 |  2.9
Spellcasting   | 5 |  5.6
Invocations    | 1 2 |  2.6
Fighting       | 1 2 |  2.4
Short Blades   | 1 2 |  2.4
Long Blades    | 1 2 |  2.4
Axes           | 1 2 |  2.4
Maces & Flails | 1 2 |  2.4
Polearms       | 1 2 |  2.4
Staves         | 1 2 |  2.4
Slings         | 1 2 |  2.4
Bows           | 1 2 |  2.4
Crossbows      | 1 2 |  2.4
Throwing       | 1 2 |  2.4
Armour         | 1 2 |  2.4
Shields        | 1 2 |  2.4
Unarmed Combat | 1 2 |  2.4
Evocations     | 1 2 |  2.4
Hexes          | 1 2 |  2.0
Charms         | 1 2 |  2.0
Summonings     | 1 2 |  2.0
Necromancy     | 1 2 |  2.0
Translocations | 1 2 |  2.0
Transmutations | 1 2 |  2.0
Ice Magic      | 1 2 |  2.0
Air Magic      | 1 2 |  2.0
Earth Magic    | 1 2 |  2.0
Poison Magic   | 1 2 |  2.0
Dodging        | 5 |  5.2
Stealth        | |  4.8
Fire Magic     | |  5.8

Action                   |  1- 3 |  4- 6 |  7- 9 || total
-------------------------+-------+-------+-------++-------
Melee: Unarmed           |    32 |     8 |       ||    40
       Bite              |     3 |     1 |     5 ||     9
       Quarterstaff      |       |       |    49 ||    49
 Cast: Foxfire           |    41 |    72 |    16 ||   129
       Conjure Flame     |       |       |     1 ||     1
 Stab: Sleeping          |       |     1 |       ||     1
  Eat: Chunk             |       |     5 |     1 ||     6
Armor: Robe              |     4 |     6 |     6 ||    16
Dodge: Dodged            |    41 |    21 |    33 ||    95

Table legend:
 A = Non-vault XP
 B = Vault XP
 C = Vault XP percentage of total XP
 D = Non-vault monster count
 E = Vault monster count
 F = Vault count percentage of total count
                 A         B        C        D         E       F
            +---------+---------+-------+---------+---------+-------
      Total |     770 |      72 |   8.6 |      68 |       2 |   2.9
            +---------+---------+-------+---------+---------+-------
        D:1 |      58 |       0 |   0.0 |      31 |       0 |   0.0
        D:2 |      52 |       0 |   0.0 |      12 |       0 |   0.0
        D:3 |     131 |      72 |  35.5 |      10 |       2 |  16.7
        D:4 |     181 |       0 |   0.0 |       8 |       0 |   0.0
        D:5 |     348 |       0 |   0.0 |       7 |       0 |   0.0
            +---------+---------+-------+---------+---------+-------
